 Dungeon Crawl Stone Soup version 0.23.2 (webtiles) character file.

Game seed: 7157247146934238146

47 Goblin1989 the Chopper (level 3, 0/29 HPs)
             Began as a Demonspawn Chaos Knight on Apr 5, 2019.
             Was a Plaything of Xom.
             Killed by nerve-wracking pain
             ... invoked by Jessica
              (12 damage)
             ... on level 2 of the Dungeon.
             The game lasted 00:01:56 (1171 turns).

Goblin1989 the Chopper (Demonspawn Chaos Knight)    Turns: 1171, Time: 00:01:57

Health: 0/29       AC:  5    Str: 13    XL:     3   Next: 48%
Magic:  3/3        EV: 26    Int: 13    God:    Xom [..*...]
Gold:   41         SH:  0    Dex: 12    Spells: 2/2 levels left

rFire    . . .     SeeInvis .   a - +0 hand axe (chaos)
rCold    . . .     Gourm    .   (no shield)
rNeg     . . .     Faith    .   b - +2 leather armour
rPois    .         Spirit   .   (no helmet)
rElec    .         Reflect  .   (no cloak)
rCorr    .         Harm     .   (no gloves)
MR       .....                  (no boots)
Stlth    +.........             k - amulet of the acrobat
HPRegen  0.09/turn              (no ring)
MPRegen  0.08/turn              (no ring)

@: acrobat
A: rot immunity
a: Renounce Religion


You were on level 2 of the Dungeon.
You worshipped Xom.
You were a toy of Xom.
You were not hungry.

You visited 1 branch of the dungeon, and saw 2 of its levels.

You collected 41 gold pieces.

Inventory:

Hand Weapons
 a - a +0 hand axe of chaos (weapon)
Armour
 b - a +2 leather armour (worn)
Jewellery
 k - an amulet of the acrobat (around neck)
Scrolls
 i - a scroll of blinking {unknown}
 j - a scroll of enchant armour {unknown}
 m - a scroll of enchant weapon {unknown}
Potions
 g - a potion of mutation {unknown}
 h - a potion of heal wounds {unknown}
Comestibles
 e - a ration


   Skills:
 - Level 3.0 Fighting
 + Level 4.1 Axes
 - Level 1.7 Armour
 - Level 0.8 Dodging


You had 2 spell levels left.
You didn't know any spells.
Your spell library was empty.

Dungeon Overview and Level Annotations

Branches:
Dungeon (2/15)

Altars:

Annotations:
D:2 Jessica


Innate Abilities, Weirdness & Mutations

You are immune to rotting.


Message History

The ball python bites you but does no damage.
The ball python constricts you.
You hit the ball python.
The ball python is severely wounded.
You hit something. You hit the hobgoblin but do no damage.
The ball python bites you but does no damage.
The ball python constricts you.
The hobgoblin hits you but does no damage.
Something hits the ball python but does no damage.
Unknown command.
You closely miss the ball python.
The ball python is severely wounded.
You barely miss something. You completely miss the hobgoblin.
The ball python bites you. The ball python constricts you.
The hobgoblin closely misses you.
The ball python bites you but does no damage.
The ball python constricts you.
You take 1 damage, and have 26/29 hp.
Unknown command.
You escape the ball python's grasp.
You barely miss the hobgoblin. The hobgoblin closely misses you.
The hobgoblin hits you.
You take 3 damage, and have 23/29 hp.
You hit the hobgoblin but do no damage.
The hobgoblin is poisoned.
The hobgoblin closely misses you.
You barely miss the hobgoblin.
The hobgoblin is severely wounded.
You hit the ball python.
You kill the ball python!
You kill the hobgoblin!
You barely miss the hobgoblin. The hobgoblin barely misses you.
The frilled lizard barely misses you.
You hit the hobgoblin.
The hobgoblin is severely wounded.
You closely miss the frilled lizard. The hobgoblin closely misses you.
The frilled lizard bites you but does no damage.
You closely miss the hobgoblin.
The hobgoblin is severely wounded.
You hit the frilled lizard.
You kill the frilled lizard!
The hobgoblin misses you.
You hit the hobgoblin but do no damage.
The hobgoblin is severely wounded.
You barely miss the rat.
Something screams, "I'll kill you anyway!"
The hobgoblin hits you with a +0 club. The rat barely misses you.
You take 3 damage, and have 20/29 hp.
You barely miss the hobgoblin.
The hobgoblin is severely wounded.
You hit the rat.
You kill the rat!
Something hits the hobgoblin.
The hobgoblin is killed!
The leopard gecko completely misses you. x2
Things that are here:
a +0 club; a cursed +0 dagger You hit the leopard gecko.
You freeze the leopard gecko.
You kill the leopard gecko!
No target in view!
No target in view!
No target in view!
No target in view!
No target in view!
No target in view!
No target in view!
No target in view!
No target in view!
No target in view!
No target in view!
No target in view!
No target in view!
No target in view!
No target in view!
No target in view!
No target in view!
No target in view!
No target in view!
No target in view!
No target in view!
No target in view!
No target in view!
You hear some strange, mumbled words.
Something tries to affect you, but you resist.
Something barely misses you.
You hear some strange, mumbled words.
Something misses you.
You hear some strange, mumbled words.
You hear some strange, mumbled words.
Something tries to affect you, but you resist.
There is a strange disturbance nearby!
Something hits you.
You take 4 damage, and have 17/29 hp.
You hit something.
Nothing appears to happen.
Something hits you.
* * * LOW HITPOINT WARNING * * *
Something hits you but does no damage.
You take 5 damage, and have 12/29 hp.
You closely miss something.
You hear some strange, mumbled words.
Pain shoots through your body!
You die... "It's all fun and games until someone loses an eye."

.......
.......
.......
██...█ █<†..█
. █.█..█..
██)█....█
██....█..[.
█.@.<......
█......██....
█.....████
... .......
█. .......
.█.....
█..... █.....


There were no monsters in sight!

Vanquished Creatures
  2 oozes (D:1)
  A dart slug (D:1)
  2 leopard geckos
  A ball python (D:2)
  2 bats (D:1)
  2 goblins (D:1)
  3 hobgoblins
  4 jackals (D:1)
  6 kobolds
  3 frilled lizards
  6 rats
32 creatures vanquished.

Notes
Turn   | Place    | Note
-------+----------+-------------------------------------------
     0 | D:1      | Goblin1989 the Demonspawn Chaos Knight began the quest for
                  | the Orb.
     0 | D:1      | Reached XP level 1. HP: 18/18 MP: 1/1
   109 | D:1      | Reached skill level 3 in Axes
   121 | D:1      | XOM: divination: magic mapping
   195 | D:1      | Gained mutation: You are immune to rotting. [demonic
                  | ancestry]
   195 | D:1      | Reached XP level 2. HP: 24/24 MP: 2/2
   650 | D:1      | Reached XP level 3. HP: 22/29 MP: 3/3
   818 | D:1      | Reached skill level 4 in Axes
  1143 | D:2      | Noticed Jessica
  1171 | D:2      | Killed from afar by Jessica

Skill      XL: |  1  2  3 |
---------------+----------+-----
Axes           | 3 4 |  4.1
Fighting       | |  3.0
Armour         | |  1.7
Dodging        | |  0.8

Action                   || total
-------------------------++-------
Melee: Hand axe          ||    78
 Stab: Confused          ||     1
       Sleeping          ||     1
  Eat: Chunk             ||     1
Armor: Leather armour    ||    31
Dodge: Dodged            ||    52

Levels and vault maps discovered:
D:1:      dpeg_arrival_arbitrary_a, layout_basic, minmay_door_square,
          interstate_on_off, grunt_decor_cap
D:2:      layout_rooms, first_ration, uniq_crazy_yiuf_cottage, uniq_jessica,
          uniq_robin
